 Dungeon Crawl Stone Soup version 0.23.2-40-g277498a (webtiles) character file.

Game seed: 5908538706722234740

2242 Fang the Skirmisher (level 9, 0/57 HPs)
             Began as a Gargoyle Berserker on Oct 23, 2019.
             Was a High Priest of Trog.
             Killed from afar by a steam dragon (9 damage)
             ... with a ball of steam
             ... on level 7 of the Dungeon.
             The game lasted 00:09:00 (5107 turns).

Fang the Skirmisher (Gargoyle Berserker)            Turns: 5107, Time: 00:09:00

Health: 0/57       AC: 24    Str: 24    XL:     9   Next: 37%
Magic:  9/9        EV: 11    Int:  8    God:    Trog [*****.]
Gold:   246        SH:  0    Dex: 13    Spells: 8/8 levels left

rFire    . . .     SeeInvis .   a - +0 war axe
rCold    . . .     Gourm    .   (no shield)
rNeg     + + .     Faith    .   b - +0 chain mail
rPois    ∞         Spirit   .   p - +0 helmet
rElec    +         Reflect  .   y - +2 cloak of the Catamount {rN+ Dex+4}
rCorr    +         Harm     .   (no gloves)
MR       +....                  h - +2 pair of boots
Stlth    ..........             (no amulet)
HPRegen  0.19/turn              g - ring of resist corrosion
MPRegen  0.11/turn              k - ring of protection from magic

@: berserk cooldown, slowed, very slow
A: negative energy resistance 1, electricity resistance, unbreathing,
petrification resistance, rot immunity, AC +6
a: Berserk, Trog's Hand, Brothers in Arms, Renounce Religion


You were on level 7 of the Dungeon.
You worshipped Trog.
Trog was extremely pleased with you.
You were very hungry.

You visited 1 branch of the dungeon, and saw 7 of its levels.
You also visited: Sewer.

You collected 246 gold pieces.

Inventory:

Hand Weapons
 a - a +0 war axe (weapon)
Armour
 b - a +0 chain mail (worn)
 h - a +2 pair of boots (worn)
 p - a +0 helmet (worn)
 y - the +2 cloak of the Catamount (worn) {rN+ Dex+4}
   (You found it on level 5 of the Dungeon)

   It affects your dexterity (+4).
   It protects you from negative energy.
Jewellery
 g - a ring of resist corrosion (left hand)
 i - an uncursed ring of flight
 k - a ring of protection from magic (right hand)
 E - a +4 ring of dexterity {unknown}
Wands
 o - a wand of random effects (24)
Scrolls
 j - 9 scrolls of identify {unknown}
 l - a scroll of random uselessness {unknown}
 m - a scroll of immolation {unknown}
 n - a scroll of amnesia {unknown}
 q - 3 scrolls of teleportation {unknown}
 r - a scroll of magic mapping {unknown}
 s - 4 scrolls of fog {unknown}
 v - a scroll of fear {unknown}
Potions
 d - 2 potions of degeneration {unknown}
 e - 3 potions of agility {unknown}
 f - 3 potions of lignification {unknown}
 t - 2 potions of might {unknown}
 u - a potion of flight {unknown}
 w - a potion of haste {unknown}
 x - a potion of heal wounds {unknown}
 z - a potion of ambrosia {unknown}
 A - a potion of invisibility
 C - a potion of mutation {unknown}
 D - a potion of curing
Comestibles
 c - 11 rations
 B - a chunk of flesh


   Skills:
 + Level 7.4 Fighting
 + Level 6.2 Axes
 + Level 7.0 Armour
 + Level 5.3 Dodging


You had 8 spell levels left.
You didn't know any spells.
Your spell library was empty.

Dungeon Overview and Level Annotations

Branches:
Dungeon (7/15)
 Temple: D:4-7

Altars:
Dithmenos


Innate Abilities, Weirdness & Mutations

You are resistant to torment.
Your stone body is resilient. (AC +6)
You are immune to poison.
You resist negative energy. (rN+)
You are resistant to electric shocks. (rElec)
You can survive without breathing.
You are immune to petrification.
You are immune to rotting.


Message History

Trog appreciates your killing of a magic user.
You slash the orc wizard!
You kill the orc wizard!
Trog accepts your kill.
Trog appreciates your killing of a magic user.
Your Armour skill increases to level 7!
Items here: )) [ † a +0 dagger; a +0 robe; a +0 whip; an orc corpse You feel a strong urge to attack something.
You are no longer berserk.
You are exhausted.
You feel yourself slow down. The steam dragon breathes steam at you.
The ball of steam hits you.
* * * LOW HITPOINT WARNING * * *
You barely miss the steam dragon.
You are engulfed in a cloud of scalding steam.
The steam dragon breathes steam at you. The ball of steam hits you!
You die...

..... #. .## ....
. .. ... ...# .#
#.. #.##.. .##
#..# #...##...#
##..# #...#..####
#....###§§........
#..#.#)§@D....[.
#..|.§§§#.......
###..##.#......#
##..##..####.##.
######...##..# .#
#....#...#.(## .#
#..<.........# #
##...#.......##
###.##.......##


You could see a steam dragon.

Vanquished Creatures
  Pikel (D:4)
  A hungry ghost (D:7)
  An ice beast (D:6)
  2 slaves (D:4)
  An ogre (D:6)
  A phantom (D:5)
  A centaur (D:5)
  Blork the orc (D:4)
  A bullfrog (D:6)
  3 big kobolds
  A scorpion (D:5)
  2 crimson imps
  A jelly (D:5)
  5 orc priests
  A bullfrog skeleton (D:5)
  6 orc wizards
  An iguana (D:4)
  A worker ant (D:4)
  Natasha (thrice) (D:3)
  13 adders
  4 gnolls
  2 river rats (Sewer)
  2 shadow imps
  4 oozes
  An adder skeleton (D:5)
  4 worms
  2 dart slugs
  4 leopard geckos
  19 orcs
  6 giant cockroaches
  3 goblins
  14 hobgoblins
  8 jackals
  3 quokkas
  4 ball pythons (Sewer)
  6 bats
  3 frilled lizards (D:2)
  A jackal zombie (D:5)
  20 kobolds
  A quokka skeleton (D:4)
  A quokka zombie (D:5)
  12 rats
171 creatures vanquished.

Notes
Turn   | Place    | Note
-------+----------+-------------------------------------------
     0 | D:1      | Fang the Gargoyle Berserker began the quest for the Orb.
     0 | D:1      | Reached XP level 1. HP: 14/14 MP: 1/1
    57 | D:1      | Reached XP level 2. HP: 11/19 MP: 2/2
   290 | D:1      | Reached XP level 3. HP: 14/24 MP: 3/3
   591 | D:2      | Reached ** piety under Trog
   687 | D:2      | Reached XP level 4. HP: 29/29 MP: 4/4
  1258 | D:3      | Noticed Natasha
  1267 | D:3      | Killed Natasha
  1267 | D:3      | Reached XP level 5. HP: 24/33 MP: 5/5
  1441 | D:3      | Reached *** piety under Trog
  1455 | D:3      | Noticed a big kobold
  1461 | D:3      | Noticed a big kobold
  1479 | D:3      | Killed a big kobold
  1479 | D:3      | Reached XP level 6. HP: 25/39 MP: 6/6
  1760 | D:3      | Found a shadowy altar of Dithmenos.
  1833 | D:3      | Noticed Natasha
  1840 | D:3      | Killed Natasha
  2154 | D:3      | Noticed Natasha
  2162 | D:3      | Killed Natasha
  2259 | D:4      | Found a shadowy altar of Dithmenos.
  2336 | D:4      | Reached skill level 5 in Fighting
  2336 | D:4      | Reached XP level 7. HP: 43/44 MP: 7/7
  2432 | D:4      | Found a glowing drain.
  2449 | Sewer    | Entered a sewer
  3265 | D:4      | Noticed Blork the orc
  3280 | D:4      | Killed Blork the orc
  3284 | D:4      | Noticed Pikel
  3299 | D:4      | Killed Pikel
  3299 | D:4      | Reached skill level 5 in Axes
  3299 | D:4      | Reached skill level 5 in Armour
  3299 | D:4      | Reached XP level 8. HP: 44/51 MP: 8/8
  3585 | D:5      | Entered Level 5 of the Dungeon
  3631 | D:5      | Reached **** piety under Trog
  4240 | D:5      | Got a warped cloak
  4246 | D:5      | Identified the +2 cloak of the Catamount {rN+ Dex+4} (You
                  | found it on level 5 of the Dungeon)
  4323 | D:6      | Reached XP level 9. HP: 55/56 MP: 9/9
  4623 | D:6      | Reached skill level 5 in Dodging
  4945 | D:6      | Reached ***** piety under Trog
  5107 | D:7      | Killed from afar by a steam dragon

Skill      XL: |  1  2  3  4  5  6  7  8  9 |
---------------+----------------------------+-----
Axes           | 3 4 5 6 |  6.2
Dodging        | 2 3 4 5 |  5.3
Armour         | 3 4 5 6 7 |  7.0
Fighting       | 4 5 6 7 |  7.4

Action                   |  1- 3 |  4- 6 |  7- 9 || total
-------------------------+-------+-------+-------++-------
Melee: Hand axe          |    91 |    93 |       ||   184
       War axe           |       |   148 |   376 ||   524
Invok: Berserk           |       |     1 |     3 ||     4
 Abil: Evoke Flight      |       |       |     1 ||     1
  Eat: Chunk             |       |     5 |    15 ||    20
Armor: Animal skin       |    19 |       |       ||    19
       Chain mail        |    51 |   177 |   268 ||   496
Dodge: Dodged            |    65 |   129 |   224 ||   418
